AoeStats
← engincetin585858

Arabia

509074275Analyzed
1v1 RM · 7d ago on Sep 25, 2026· 43m 55s· 2 players
Game mode
Random Map
Map size
Tiny (2 player)
Population
200
Speed
Normal
Resources
Standard
Victory
Conquest
Starting age
Dark Age
Ending age
Imperial Age
RankedLock teamsTeams togetherTeam positionsShared explorationLock speedFull tech treeHidden civsTurbo modeCheats
Victory
Defeat
🇹🇷 Magyars · Türkiye
1579
+15
🇧🇪 Varangians · Belgium
1560
-15
Drunken master
6:23 Loom
9:19 Feudal Age
9:24 Man-at-Arms
10:09 Double-Bit Axe
18:02 Fletching
22:47 Castle Age
21:07 Horse Collar
22:33 Scale Mail Armor
22:44 Forging
23:29 Bodkin Arrow
23:34 Padded Archer Armor
28:18 Leather Archer Armor
28:23 Bow Saw
29:05 Husbandry
29:58 Elite Skirmisher
32:46 Bloodlines
33:22 Gold Mining
38:43 Wheelbarrow
37:53 Town Watch
41:12 Ballistics
engincetin585858
6:42 Loom
9:14 Feudal Age
9:46 Double-Bit Axe
10:51 Horse Collar
19:55 Castle Age
18:20 Fletching
18:54 Padded Archer Armor
21:07 Bloodlines
20:57 Husbandry
22:55 Bodkin Arrow
26:02 Bow Saw
28:10 Heavy Plow
29:13 Wheelbarrow
30:39 Ballistics
30:58 Hand Cart
32:41 Thumb Ring
32:57 Gold Mining
37:59 Scale Barding Armor
39:04 Chain Barding Armor
41:56 Imperial Age
43:17 Conscription
42:20 Cavalier
43:42 Plate Barding Armor
Connection lost

Rejoining the realm…

Still unreachable

The connection could not be restored.

Session expired

The server has moved on; the page needs a fresh start.